 Dungeon Crawl Stone Soup version 0.24.0-10-g970556be89 (webtiles) character file.

Game seed: 8059608022455071765, levelgen mode: deterministic

184 Johnny the Skirmisher (level 5, -4/53 HPs)
             Began as a Troll Berserker on Nov 3, 2019.
             Was a Priest of Trog.
             Killed from afar by Ijyb (6 damage)
             ... with a bolt of acid
             ... on level 3 of the Dungeon.
             The game lasted 00:02:33 (1931 turns).

Johnny the Skirmisher (Troll Berserker)             Turns: 1931, Time: 00:02:33

Health: -4/53      AC:  6    Str: 26    XL:     5   Next: 36%
Magic:  4/4        EV: 11    Int:  3    God:    Trog [***...]
Gold:   112        SH:  0    Dex:  9    Spells: 4/4 levels left

rFire    . . .     SeeInvis .   a - +0 falchion
rCold    . . .     Gourm    +   (no shield)
rNeg     . . .     Faith    +   b - +0 animal skin
rPois    .         Spirit   .   (helmet restricted)
rElec    .         Reflect  .   (no cloak)
rCorr    .         Harm     .   (gloves unavailable)
MR       .....                  (boots unavailable)
Stlth    +.........             i - amulet of faith
HPRegen  0.57/turn              (no ring)
MPRegen  0.09/turn              (no ring)

@: corroded
A: large, unfitting armour, claws 3, iridescent scales 1, thin metallic scales
1, fast metabolism 3, gourmand, regeneration 1, shaggy fur 1, tough skin 3
a: Berserk, Trog's Hand, Renounce Religion


You were on level 3 of the Dungeon.
You worshipped Trog.
Trog was most pleased with you.
You were completely stuffed.

You visited 1 branch of the dungeon, and saw 3 of its levels.

You collected 112 gold pieces.

Inventory:

Hand Weapons
 a - a +0 falchion (weapon)
Armour
 b - a +0 animal skin (worn)
Jewellery
 i - an amulet of faith (around neck)
 j - an uncursed ring of stealth {unknown}
Scrolls
 d - a scroll of noise {unknown}
 g - 2 scrolls of enchant armour {unknown}
 h - a scroll of immolation {unknown}
 k - a scroll of blinking {unknown}
 o - 3 scrolls of identify {unknown}
 r - a scroll of teleportation {unknown}
Potions
 e - a potion of might {unknown}
 f - 2 potions of brilliance {unknown}
 l - a potion of mutation
 n - a potion of curing {unknown}
 p - a potion of cancellation {unknown}
 q - a potion of agility {unknown}
 s - a potion of lignification {unknown}
Comestibles
 c - 9 rations
 m - 2 chunks of flesh


   Skills:
 + Level 3.5 Fighting
 + Level 3.5 Long Blades
 + Level 3.5 Dodging


You had 4 spell levels left.
You didn't know any spells.
Your spell library was empty.

Dungeon Overview and Level Annotations

Branches:
Dungeon (3/15)

Altars:
Dithmenos
Elyvilon
Hepliaklqana
Okawaru
Ru
Vehumet
Zin

Annotations:
D:3 Ijyb


Innate Abilities, Weirdness & Mutations

You are too large for most types of armour.
You have claws for hands.
Your metabolism is lightning-fast.
You like to eat raw meat.
Your natural rate of healing is unusually fast.
You are covered in fur. (AC +1)
You have extremely tough skin. (AC +3)
You are partially covered in iridescent scales. (AC +2)
You are partially covered in thin metallic scales. (AC +2)


Message History

* * * LOW HITPOINT WARNING * * *
You are too injured to fight recklessly!
You are too injured to fight recklessly!
You are too injured to fight recklessly!
You are too injured to fight recklessly!
You are too injured to fight recklessly!
You are too injured to fight recklessly!
You are too injured to fight recklessly!
Unknown command.
Unknown command.
Unknown command.
Unknown command.
Unknown command.
Unknown command.
It was a potion of mutation.
You feel extremely strange.
You feel frail.
You feel robust.
Iridescent scales grow over part of your body.
Thin metallic scales grow over part of your body.
Ijyb zaps a wand.
The bolt of acid hits you.
You die...

# #.
#.###.#.######.#.######
..
.#.#>...................
........#########[.####.
#.#.###.................
# #.#########.......
#.###.# #.#####.
#.....## #.#. #.
#####..# ..... #.
#....@.# ......#.
#.###g.# .....#. #..#
........ #..# .........
...# ......≈≈≈ ...#
......≈≈≈ ...# ......≈≈≈
....# ......≈≈≈ ......8.


You could see Ijyb.

Vanquished Creatures
  Terence (D:3)
  Natasha (D:3)
  4 adders
  5 worms
  3 dart slugs (D:1)
  A leopard gecko (D:3)
  An orc (D:3)
  5 giant cockroaches
  11 goblins
  10 hobgoblins
  6 jackals
  5 bats
  9 frilled lizards
  6 kobolds
  7 rats
75 creatures vanquished.

Notes
Turn   | Place    | Note
-------+----------+-------------------------------------------
     0 | D:1      | Johnny the Troll Berserker began the quest for the Orb.
     0 | D:1      | Reached XP level 1. HP: 22/22 MP: 0/0
   108 | D:1      | Reached XP level 2. HP: 29/29 MP: 1/1
   410 | D:1      | Reached XP level 3. HP: 36/36 MP: 2/2
   585 | D:1      | Reached ** piety under Trog
   941 | D:2      | Reached XP level 4. HP: 40/45 MP: 3/3
  1189 | D:2      | Found a glowing silver altar of Zin.
  1303 | D:2      | Reached *** piety under Trog
  1352 | D:2      | Found a hazy altar of Hepliaklqana.
  1356 | D:2      | Found an iron altar of Okawaru.
  1356 | D:2      | Found a sacrificial altar of Ru.
  1369 | D:2      | Found a shadowy altar of Dithmenos.
  1376 | D:2      | Found a radiant altar of Vehumet.
  1529 | D:3      | Found a white marble altar of Elyvilon.
  1535 | D:3      | Noticed Natasha
  1543 | D:3      | Killed Natasha
  1585 | D:3      | Noticed Terence
  1593 | D:3      | Killed Terence
  1593 | D:3      | Reached XP level 5. HP: 32/53 MP: 4/4
  1918 | D:3      | Noticed Ijyb
  1930 | D:3      | HP: 2/53 [acid (13)]
  1931 | D:3      | Gained mutation: You are frail. (-10% HP) [potion of
                  | mutation]
  1931 | D:3      | Lost mutation: You are frail. (-10% HP) [potion of
                  | mutation]
  1931 | D:3      | Gained mutation: You are partially covered in iridescent
                  | scales. (AC +2) [potion of mutation]
  1931 | D:3      | Gained mutation: You are partially covered in thin metallic
                  | scales. (AC +2) [potion of mutation]
  1931 | D:3      | Killed from afar by Ijyb

Levels and vault maps discovered:
D:1:      lemuel_arrival_room, layout_basic, serial_park_tiny_1,
          minmay_pentomino_o2
D:2:      minmay_recursive_quarters, layout_loops_ring,
          minmay_overflow_temple_star_hex, zin_scriptorium,
          minmay_misc_feat_iff, due_unseen_surprise
D:3:      layout_basic, old_standard_altar, minmay_misc_feat_cross,
          serial_park_tiny_pond, minmay_misc_feat_doors, minivault_4, uniq_ijyb,
          uniq_terence, uniq_natasha

Skill      XL: |  1  2  3 |
---------------+----------+-----
Long Blades    | 3 |  3.5
Fighting       | 3 |  3.5
Dodging        | 3 |  3.5

Action                   |  1- 3 |  4- 6 || total
-------------------------+-------+-------++-------
Melee: Falchion          |   105 |   137 ||   242
  Use: Potion            |       |     1 ||     1
 Stab: Sleeping          |     1 |       ||     1
  Eat: Chunk             |    10 |    14 ||    24
Armor: Animal skin       |    47 |    64 ||   111
Dodge: Dodged            |    79 |    91 ||   170
       Rpst.: Falchion   |    29 |    38 ||    67
